 Dungeon Crawl Stone Soup version 0.26-a0-597-gb535b0901c (webtiles) character file.

Game seed: 17606164616444139945

29871 Hores the Geomancer (level 13, -2/118 HPs)
             Began as a Gargoyle Earth Elementalist on Aug 25, 2020.
             Was an Elder of Vehumet.
             Shot with an arrow by a centaur warrior (17 damage)
             ... on level 14 of the Dungeon.
             The game lasted 00:39:40 (17852 turns).

Hores the Geomancer (Gargoyle Earth Elementalist)  Turns: 17852, Time: 00:39:41

Health: -2/118     AC: 26    Str: 13    XL:     13   Next: 48%
Magic:  34/34      EV:  2    Int: 20    God:    Vehumet [****..]
Gold:   902        SH:  0    Dex: 12    Spells: 15/29 levels left

rFire    + . .     SeeInvis .   s - +1 rapier of the Apocalypse {drain, rElec rF+ Dex+2}
rCold    . . .     Faith    .   (no shield)
rNeg     + + +     Spirit   .   (armour currently unavailable)
rPois    ∞         Reflect  .   (helmet currently unavailable)
rElec    +         Harm     .   (cloak currently unavailable)
rCorr    .         NoTele   +   (gloves currently unavailable)
MR       .....                  (boots currently unavailable)
Stlth    ++........             y - amulet of magic regeneration
HPRegen  0.29/turn              i - +4 ring of slaying
MPRegen  0.49/turn              j - ring of magical power

@: tree-form, very slightly contaminated, studying Staves
A: negative energy resistance 1, petrification resistance, rot immunity, AC +9
a: Renounce Religion


You were on level 14 of the Dungeon.
You worshipped Vehumet.
Vehumet was greatly pleased with you.
You were a tree.
You visited 2 branches of the dungeon, and saw 15 of its levels.
You also visited: Sewer.

You collected 1080 gold pieces.
You spent 178 gold pieces at shops.

Inventory:

Hand Weapons
 o - the +2 flail of the Shore {pain, rElec MR+ Dex+4}
   (You bought it in a shop on level 4 of the Dungeon)

   In the hands of one skilled in necromantic magic, it inflicts extra damage on
   living creatures.
   It affects your dexterity (+4).
   It insulates you from electricity.
   It affects your resistance to hostile enchantments.
 s - the +1 rapier of the Apocalypse (weapon) {drain, rElec rF+ Dex+2}
   (You found it on level 4 of the Dungeon)

   A truly terrible weapon, it drains the life of those it strikes.
   It affects your dexterity (+2).
   It protects you from fire.
   It insulates you from electricity.
 A - the +4 dagger "Fajamypp" {vorpal, +Inv Dex+2}
   (You found it on level 7 of the Dungeon)

   It inflicts extra damage upon your enemies.
   It affects your dexterity (+2).
   It lets you turn invisible.
 F - a +2 morningstar of freezing
Missiles
 b - 406 stones (quivered)
 J - 2 throwing nets
Armour
 a - a +2 robe of magic resistance (melded)
 c - a +2 cloak (melded)
 m - a +2 pair of gloves (melded)
 N - the +1 robe of Siode {Rampage rPois Dex+3}
   (You found it on level 13 of the Dungeon)

   It affects your dexterity (+3).
   It protects you from poison.
   It bestows one free step when moving towards enemies.
Magical Staves
 g - an uncursed staff of death {unknown}
 G - an uncursed staff of conjuration {unknown}
 M - an uncursed staff of air {unknown}
Jewellery
 i - a +4 ring of slaying (left branch)
 j - a ring of magical power (right branch)
 p - an uncursed ring of resist corrosion
 t - an uncursed ring of wizardry
 u - an uncursed ring of flight
 y - an amulet of magic regeneration (around neck)
 C - an uncursed ring of fire
Wands
 q - a wand of acid (9)
 B - a wand of flame (6)
 D - a wand of paralysis (2)
 E - a wand of iceblast (3)
Scrolls
 h - 2 scrolls of magic mapping
 l - 3 scrolls of enchant weapon
 r - 4 scrolls of identify
 z - 3 scrolls of remove curse
Potions
 d - 5 potions of lignification
 e - 3 potions of flight
 f - 4 potions of stabbing
 k - a potion of ambrosia
 n - 3 potions of curing
 v - 2 potions of mutation
 H - a potion of might
 K - a potion of berserk rage
Books
 w - a manual of Staves


   Skills:
 + Level 8.7 Fighting
 + Level 8.0 Maces & Flails
 - Level 6.0 Armour
 + Level 6.8 Dodging
 - Level 2.1 Stealth
 + Level 8.9 Spellcasting
 + Level 9.7 Conjurations
 - Level 0.7 Transmutations
 + Level 11.5 Earth Magic
 - Level 6.0 Evocations


You had 15 spell levels left.
You knew the following spells:

 Your Spells              Type           Power        Failure   Level
a - Sandblast             Erth           ######       1%          1
b - Stone Arrow           Conj/Erth      ######       1%          3
c - Lee's Rapid Deconstr  Erth           ######....   1%          5
d - Irradiate             Conj/Tmut      ####......   7%          5

Your spell library contained the following spells:

 Spells                   Type           Power        Failure   Level
 Yara's Violent Unravell  Hex/Tmut       ##........   41%         5
 Passwall                 Tmut/Erth      ####....     1%          2
 Dazzling Flash           Conj/Hex       ####..       1%          3
 Freeze                   Ice            #...         2%          1
 Hailstorm                Conj/Ice       ####....     3%          4
 Beastly Appendage        Tmut           ##....       6%          1
 Petrify                  Tmut/Erth      ####....     6%          4
 Frozen Ramparts          Ice            #.....       7%          3
 Corona                   Hex            #......      8%          1
 Wereblood                Tmut           ##......     9%          2
 Ensorcelled Hibernation  Hex/Ice        #.....       12%         2
 Spider Form              Tmut/Pois      ##........   21%         3
 Confusing Touch          Hex            #.......     24%         3
 Ozocubu's Armour         Ice            #.......     24%         3
 Tukima's Dance           Hex            #.......     24%         3
 Ice Form                 Ice/Tmut       ##......     54%         4
 Summon Ice Beast         Ice/Summ       #.......     61%         4
 Blade Hands              Tmut           ##........   85%         5
 Hydra Form               Tmut           ##........   100%        6
 Dragon Form              Tmut           ##........   100%        7
 Statue Form              Tmut/Erth      Unusable     N/A         6

Dungeon Overview and Level Annotations

Branches:
Dungeon (14/15)            Temple (1/1) D:6            Lair (0/6) D:8
    Orc (0/2) D:11         Vaults (0/5) D:13          Sewer (visited)

Altars:
Ashenzari
Cheibriados
Dithmenos
Elyvilon
Fedhas
Gozag
Hepliaklqana
Kikubaaqudgha
Makhleb
Nemelex Xobeh
Okawaru
Qazlal
Ru
Sif Muna
Trog
Uskayaw
Vehumet
Wu Jian
Xom
Yredelemnul
Zin
The Shining One

Shops:
D:4 (   D:8 [   D:12 :   D:13 }


Innate Abilities, Weirdness & Mutations

You are resistant to torment.
((Your stone body is resilient. (AC +9)))
You are immune to poison.
You resist negative energy. (rN+)
((You are resistant to electric shocks. (rElec)))
((You can survive without breathing.))
You are immune to petrification.
You are immune to rotting.
((You have a pair of small horns on your head.))
((You have sharp toenails.))
((You can translocate small distances at will.))


Message History

The bolt of acid hits the two-headed ogre!!
The two-headed ogre is splashed with acid.
The acid corrodes the two-headed ogre!
The two-headed ogre is severely wounded.
The centaur warrior shoots an arrow.
The arrow hits you but does no damage.
The two-headed ogre hits you with a +0 giant spiked club.
* * * LOW HITPOINT WARNING * * *
The two-headed ogre hits you but does no damage.
Evoke which item? (* to show all) (? for menu, Esc to quit)
Aiming: Corrosive Bolt
Press: ? - help, Shift-Dir - straight line, f/p - two-headed ogre
Aim: a two-headed ogre, wielding a +0 giant spiked club and a +0 giant club (severely wounded, covered in acid)
The bolt of acid hits the two-headed ogre!
The two-headed ogre is splashed with acid.
The two-headed ogre seems to be corroded for longer.
You kill the two-headed ogre!
Vehumet accepts your kill.
You hear an angry buzzing noise.
The centaur warrior shoots an arrow.
The arrow hits you!
You die...

#.### ..W. .... # ....#
##..#.# ...... ....
#F...... ####.# #
#.......###.)).## #.#
#...cc....((#.(.##...###
#....###)#.(.)..(..(....
#....# #.♣.(†..#.#...+.#
#....# ####c...#.# ###
#....# #(##.#.# #.#..#
#....### #....# #...##
#..u.# #.#.# #.#F.#
#c..# #....# #........
#.{u## #.....###


You could see a centaur warrior and a shadow.

Vanquished Creatures
  3 hydras
  A centaur warrior (D:13)
  7 two-headed ogres
  Nergalle (D:10)
  A wizard (D:13)
  4 ugly things
  A manticore (D:11)
  2 slime creatures (D:12)
  A cyclops (D:13)
  Maurice (D:10)
  2 gargoyles
  An efreet (D:13)
  A kobold demonologist (D:14)
  3 trolls
  2 hornets
  Grinder (D:4)
  4 hippogriffs
  4 wraiths
  3 wyverns
  37 yaks
  10 vampire mosquitoes
  A water moccasin (D:9)
  3 ice beasts
  9 orc warriors
  2 eyes of draining
  6 ogres
  3 sky beasts
  4 black bears
  4 necrophages
  5 centaurs
  2 phantoms (D:10)
  3 crocodiles
  4 big kobolds
  6 bullfrogs
  2 wyvern zombies (D:9)
  2 gnoll sergeants
  7 scorpions
  4 killer bees (D:11)
  9 howler monkeys
  16 wights
  A bullfrog zombie (D:9)
  A centaur zombie (D:10)
  A quasit (D:12)
  4 centaur skeletons
  6 jellies
  6 hounds
  3 orc priests
  6 orc wizards
  3 iguanas
  A bullfrog skeleton (D:7)
  9 worker ants
  A mummy (D:9)
  A hound zombie (D:7)
  A hound skeleton (D:8)
  A worker ant zombie (D:7)
  11 adders
  9 gnolls
  A white imp (D:5)
  An ufetubus (D:8)
  An ooze (D:2)
  2 worms
  3 dart slugs
  5 leopard geckos
  69 orcs
  9 giant cockroaches
  2 goblins
  4 hobgoblins
  10 jackals
  3 quokkas
  2 ball pythons (D:6)
  A bat (D:3)
  A frilled lizard (D:4)
  2 jackal zombies (D:6)
  26 kobolds
  A quokka zombie (D:9)
  7 rats
397 creatures vanquished.

Vanquished Creatures (others)
  An orc (D:9)
  14 fungi (D:8)
  12 plants (D:8)
  21 withered plants (D:9)
48 creatures vanquished.

Grand Total: 445 creatures vanquished

Notes
Turn   | Place    | Note
-------+----------+-------------------------------------------
     0 | D:1      | Hores the Gargoyle Earth Elementalist began the quest for
                  | the Orb.
     0 | D:1      | Reached XP level 1. HP: 10/10 MP: 3/3
   337 | D:1      | Reached skill level 4 in Earth Magic
   337 | D:1      | Reached XP level 2. HP: 15/15 MP: 3/5
  1476 | D:2      | Reached XP level 3. HP: 19/19 MP: 6/6
  1490 | D:2      | Learned a level 3 spell: Stone Arrow
  1896 | D:2      | Found a shimmering altar of Xom.
  1896 | D:2      | Found a sparkling altar of Nemelex Xobeh.
  1921 | D:2      | Reached skill level 1 in Conjurations
  1921 | D:2      | Reached XP level 4. HP: 20/24 MP: 8/8
  2355 | D:2      | Found a stormy altar of Qazlal.
  2355 | D:2      | Noticed an air elemental
  2356 | D:2      | Noticed an earth elemental
  2356 | D:2      | Noticed a water elemental
  2356 | D:2      | Noticed a fire elemental
  2445 | D:3      | Reached skill level 5 in Earth Magic
  2448 | D:3      | Reached XP level 5. HP: 11/28 MP: 9/9
  2459 | D:3      | Learned a level 5 spell: Lee's Rapid Deconstruction
  3122 | D:3      | Found a faded altar of an unknown god.
  3580 | D:4      | Found Xoovekh's Antique Weapon Boutique.
  3638 | D:4      | Bought an ichor-stained flail for 178 gold pieces
  3638 | D:4      | Identified the cursed +2 flail of the Shore {pain, rElec
                  | MR+ Dex+4} (You bought it in a shop on level 4 of the
                  | Dungeon)
  3726 | D:4      | Noticed Grinder
  3737 | D:4      | Reached XP level 6. HP: 24/32 MP: 11/11
  3740 | D:4      | Killed Grinder
  3740 | D:4      | Reached skill level 6 in Earth Magic
  4127 | D:4      | Reached XP level 7. HP: 35/36 MP: 13/13
  4413 | D:4      | Got a steaming rapier
  4477 | D:5      | Entered Level 5 of the Dungeon
  4808 | D:5      | Identified the +1 rapier of the Apocalypse {drain, rElec
                  | rF+ Dex+2} (You found it on level 4 of the Dungeon)
  4914 | D:5      | Found a snail-covered altar of Cheibriados.
  4933 | D:5      | Reached skill level 1 in Armour
  5056 | D:5      | Found a blossoming altar of Fedhas.
  5293 | D:5      | Gained mutation: You can translocate small distances at
                  | will. [potion of mutation]
  5293 | D:5      | Gained mutation: You have a pair of small horns on your
                  | head. [potion of mutation]
  5293 | D:5      | Gained mutation: You evolve. [potion of mutation]
  5545 | D:6      | Reached skill level 1 in Fighting
  5545 | D:6      | Reached XP level 8. HP: 31/43 MP: 15/15
  5574 | D:6      | Found a staircase to the Ecumenical Temple.
  5585 | D:6      | Reached skill level 1 in Maces & Flails
  5585 | D:6      | Reached skill level 1 in Evocations
  5615 | D:6      | Found a glowing drain.
  5623 | Sewer    | Entered a sewer
  5738 | Sewer    | Reached skill level 7 in Earth Magic
  5781 | Sewer    | Found a white marble altar of Elyvilon.
  5853 | Temple   | Entered the Ecumenical Temple
  5988 | D:6      | Reached skill level 5 in Spellcasting
  6166 | D:6      | Noticed a yak
  6174 | D:6      | Killed a yak
  6733 | D:6      | Reached skill level 5 in Conjurations
  6987 | D:7      | Reached XP level 9. HP: 31/49 MP: 17/17
  7206 | D:7      | Learned a level 5 spell: Irradiate
  7289 | D:7      | Got a fine dagger
  7290 | D:7      | Identified the +4 dagger "Fajamypp" {vorpal, +Inv Dex+2}
                  | (You found it on level 7 of the Dungeon)
  7304 | D:7      | Noticed a hornet
  7311 | D:7      | Killed a hornet
  7515 | D:7      | Found a radiant altar of Vehumet.
  7541 | D:7      | Became a worshipper of Vehumet
  7711 | D:7      | Found an opulent altar of Gozag.
  8059 | D:7      | Found a radiant altar of Vehumet.
  8336 | D:7      | Found an opulent altar of Gozag.
  8864 | D:8      | Reached skill level 8 in Earth Magic
  9150 | D:8      | Reached * piety under Vehumet
  9150 | D:8      | Offered knowledge of Shock by Vehumet.
  9860 | D:8      | Reached XP level 10. HP: 45/57 MP: 19/19
 10127 | D:8      | Found a staircase to the Lair.
 10458 | D:8      | Gained mutation: You have sharp toenails. [evolution]
 10502 | D:8      | Found a shattered altar of Ashenzari.
 10506 | D:8      | Saw a vision of the Shoals and the Spider Nest.
 10506 | D:8      | Noticed a merfolk siren
 10506 | D:8      | Noticed a merfolk siren
 10506 | D:8      | Noticed a wolf spider
 10507 | D:8      | Noticed a merfolk siren
 10522 | D:8      | Found Waowig's Antique Armour Shop.
 11498 | D:9      | Reached skill level 5 in Fighting
 11566 | D:9      | Found a hazy altar of Hepliaklqana.
 11567 | D:9      | Found a shadowy altar of Dithmenos.
 11660 | D:9      | Reached skill level 5 in Armour
 11660 | D:9      | Reached ** piety under Vehumet
 11660 | D:9      | Offered knowledge of Magic Dart by Vehumet.
 11673 | D:9      | Reached skill level 9 in Earth Magic
 11680 | D:9      | Reached XP level 11. HP: 27/64 MP: 17/20
 11682 | D:9      | Reached skill level 5 in Maces & Flails
 11910 | D:9      | Lost mutation: You evolve. [evolution]
 11925 | D:9      | Found a bloodstained altar of Trog.
 12153 | D:9      | Noticed a two-headed ogre
 12158 | D:9      | Killed a two-headed ogre
 12343 | D:9      | Offered knowledge of Ignite Poison by Vehumet.
 12708 | D:10     | Entered Level 10 of the Dungeon
 12727 | D:10     | Noticed a two-headed ogre
 12735 | D:10     | Killed a two-headed ogre
 12735 | D:10     | Reached skill level 5 in Evocations
 12737 | D:10     | Reached *** piety under Vehumet
 12879 | D:10     | Noticed Nergalle
 12890 | D:10     | Killed Nergalle
 13178 | D:10     | Noticed Maurice
 13187 | D:10     | Killed Maurice
 13187 | D:10     | Reached skill level 5 in Dodging
 13611 | D:10     | Noticed a two-headed ogre
 13616 | D:10     | Killed a two-headed ogre
 13726 | D:10     | Reached skill level 10 in Earth Magic
 13984 | D:11     | Offered knowledge of Inner Flame by Vehumet.
 14005 | D:10     | Reached XP level 12. HP: 56/71 MP: 21/23
 14057 | D:11     | Reached **** piety under Vehumet
 14400 | D:11     | Found a glowing golden altar of the Shining One.
 14484 | D:11     | Offered knowledge of Lightning Bolt by Vehumet.
 14590 | D:11     | Found a staircase to the Orcish Mines.
 14996 | D:12     | Noticed a two-headed ogre
 15006 | D:12     | Killed a two-headed ogre
 15721 | D:12     | Found Kiulef's Book Shoppe.
 16112 | D:13     | Noticed a five-headed hydra
 16114 | D:13     | Killed a five-headed hydra
 16304 | D:13     | Reached ***** piety under Vehumet
 16304 | D:13     | Offered knowledge of Yara's Violent Unravelling by Vehumet.
 16309 | D:13     | Reached skill level 11 in Earth Magic
 16469 | D:13     | Found Biasig's Gadget Shoppe.
 16470 | D:13     | Noticed a centaur warrior
 16484 | D:13     | Killed a centaur warrior
 16484 | D:13     | Reached XP level 13. HP: 60/78 MP: 25/25
 16782 | D:13     | Got a wizard robe
 16793 | D:13     | Identified the +1 robe of Siode {Rampage rPois Dex+3} (You
                  | found it on level 13 of the Dungeon)
 17145 | D:13     | Found a gate to the Vaults.
 17852 | D:14     | Shot with an arrow by a centaur warrior

Illustrated notes

Levels and vault maps discovered:
D:1:      dpeg_arrival_connections, layout_basic
D:2:      layout_loops_ring, nicolae_qazlal_style_of_elements,
          gammafunk_temple_overflow_pools, minmay_misc_feat_nine_boxes
D:3:      layout_rooms, chequers_ecumenical_altar_island
D:4:      layout_basic, serial_shops, nicolae_shop_statue_plus, uniq_grinder
D:5:      layout_gridville, overflow_temple_1_default, fedhas_altar_1,
          hangedman_minor_gate_pass
D:6:      layout_basic, minmay_temple_entry_arrows, portal_sewer_entry_b,
          minmay_manual_monolith
D:7:      layout_loops_cross, vehumet_altar_wand_db, minmay_crystal_room,
          minmay_misc_feat_iff, minmay_misc_feat_secret_circle,
          grunt_gozag_breadcrumbs
D:8:      layout_loops_corners, grunt_lair_entry_orc_guard_hut, special_room
          [special_room_orc], serial_shops, shop, grunt_ashenzari_visionary
          [grunt_ashenzari_visionary_shoals, grunt_ashenzari_visionary_spider]
D:9:      layout_rooms, riverfiend_overflow_shadow_ancestor,
          trog_ov_bears_minmay, serial_undead, serial_undead_f, serial_undead_b,
          serial_undead_b, serial_undead_f, serial_undead_b, serial_undead_e,
          serial_undead_a
D:10:     layout_basic, uniq_nergalle, uniq_maurice
D:11:     layout_cross, hiddenorc1_lemuel, tso_metal_star
D:12:     layout_stronghold, serial_shops, shop_coins
D:13:     layout_loops_ring, david_vaults_1, serial_shops,
          nicolae_shop_window_shopping
D:14:     layout_stronghold, serial_park_square1 [serial_park_minivault_5x5_7],
          minmay_starry_boxes, uniq_nessos
Temple:   cyrus_circular_temple

Skill      XL: |  1  2  3  4  5  6  7  8  9 10 11 12 13 |
---------------+----------------------------------------+-----
Earth Magic    | 4 5 6 7 8 9 10 11 | 11.5
Spellcasting   | 3 4 5 6 7 8 |  8.9
Conjurations   | 1 2 3 4 5 6 7 8 9 |  9.7
Armour         | 1 2 4 5 6 |  6.0
Fighting       | 1 2 4 5 6 8 |  8.7
Maces & Flails | 2 3 4 6 7 8 |  8.0
Dodging        | 2 3 4 5 6 |  6.8
Evocations     | 2 3 4 5 6 |  6.0
Stealth        | |  2.1
Transmutations | |  0.7

Action                   |  1- 3 |  4- 6 |  7- 9 | 10-12 | 13-15 || total
-------------------------+-------+-------+-------+-------+-------++-------
Melee: Short sword       |    66 |   105 |       |       |       ||   171
       Flail             |       |     8 |    95 |       |       ||   103
       Rapier            |       |       |   134 |   307 |    51 ||   492
       Headbutt          |       |       |    32 |    68 |     7 ||   107
       Dagger            |       |       |     3 |       |       ||     3
       Kick              |       |       |       |    86 |     4 ||    90
 Cast: Sandblast         |    18 |    23 |    35 |    54 |     5 ||   135
       Stone Arrow       |       |     1 |     5 |    35 |    29 ||    70
       Lee's Rapid Decon |       |       |     7 |    57 |    10 ||    74
       Irradiate         |       |       |       |    11 |     5 ||    16
Evoke: Wand              |       |       |     5 |    10 |     2 ||    17
  Use: Scroll            |       |    11 |     5 |    10 |     5 ||    31
       Potion            |       |       |     4 |     4 |     5 ||    13
 Stab: Sleeping          |       |     2 |     2 |     4 |       ||     8
       Distracted        |       |       |     1 |       |       ||     1
Armor: Robe              |    17 |    47 |   105 |   238 |    56 ||   463
       Skin              |       |       |       |       |     2 ||     2
Dodge: Dodged            |    41 |    80 |   145 |   356 |    94 ||   716

Table legend: (Time is in decaauts)
 A = Elapsed time spent in this place.
 B = Non-inter-level travel time spent in this place.
 C = Inter-level travel time spent in this place.
 D = Time resting spent in this place.
 E = Time spent auto-exploring this place.
 F = Levels seen in this place.
 G = Mean time per level.
                   A        B        C        D        E       F      G
               +--------+--------+--------+--------+--------+-----+--------+
         Total |  18072 |  17424 |    648 |   3856 |  10559 |  16 | 1129.5 |
       Dungeon |  17766 |  17128 |    638 |   3856 |  10350 |  14 | 1269.0 |
        Temple |     60 |     50 |     10 |      0 |     43 |   1 |   60.0 |
         Sewer |    245 |    245 |      0 |      0 |    166 |   1 |  245.0 |
               +--------+--------+--------+--------+--------+-----+--------+

Top non-repeatable levels by time:
     D:8: 2724 daAuts
     D:7: 1976 daAuts
    D:12: 1472 daAuts
    D:10: 1417 daAuts
     D:1: 1362 daAuts
     D:9: 1294 daAuts
    D:13: 1163 daAuts
     D:3: 1132 daAuts
     D:2: 1074 daAuts
     D:6: 1069 daAuts
     D:5: 993 daAuts
     D:4: 931 daAuts
    D:11: 619 daAuts
    D:14: 535 daAuts
   Sewer: 245 daAuts
